 Dungeon Crawl Stone Soup version 0.21.1-1-g345015fe64 (webtiles) character file.

122 Ablot the Sneak (level 5, -4/37 HPs)
             Began as a Gnoll Enchanter on July 21, 2018.
             Slain by Sigmund
             ... wielding a +0 scythe
              (5 damage)
             ... on level 3 of the Dungeon.
             The game lasted 00:08:05 (2893 turns).

Ablot the Sneak (Gnoll Enchanter)                   Turns: 2893, Time: 00:08:05

Health: -4/37      AC:  2    Str: 11    XL:     5   Next: 6%
Magic:  5/12       EV: 21    Int: 17    God:
Gold:   135        SH:  0    Dex: 21    Spells: 2/14 levels left

rFire    . . .     SeeInvis .   r - +3 dagger
rCold    . . .     Gourm    .   (no shield)
rNeg     . . .     Faith    .   b - +0 robe
rPois    .         Spirit   .   (no helmet)
rElec    .         Reflect  .   (no cloak)
rCorr    .         Harm     .   (no gloves)
MR       .....                  (no boots)
Stlth    +++++.....             (no amulet)
HPRegen  0.12/turn              (no ring)
MPRegen  0.13/turn              (no ring)

@: agile, very slightly contaminated
A: distributed training, fangs 1, strong nose
a: no special abilities


You were on level 3 of the Dungeon.
You were not hungry.

You visited 1 branch of the dungeon, and saw 3 of its levels.

You collected 135 gold pieces.

Inventory:

Hand Weapons
 r - a +3 dagger (weapon)
Missiles
 a - 7 bolts
 h - 9 tomahawks (quivered)
 o - 21 sling bullets
 u - 9 poisoned needles
Armour
 b - a +0 robe (worn)
Jewellery
 m - an uncursed ring of wizardry {unknown}
Wands
 n - a wand of paralysis (12)
Scrolls
 f - a scroll of identify {unknown}
 j - a scroll of enchant weapon {unknown}
 l - 2 scrolls of immolation {unknown}
 p - a scroll of remove curse {unknown}
 t - a scroll of teleportation {unknown}
Potions
 e - a potion of degeneration {unknown}
 g - a potion of agility
 i - a potion of curing {unknown}
 k - a potion of flight {unknown}
 s - a potion of heal wounds {unknown}
 v - a potion of ambrosia {unknown}
Books
 c - a book of Maledictions

   Spells                             Type                      Level
   a - Corona                         Hexes                        1
   b - Ensorcelled Hibernation        Hexes/Ice                    2
   c - Confuse                        Hexes                        3
   d - Tukima's Dance                 Hexes                        3
   e - Dazzling Spray                 Conjuration/Hexes            3
Comestibles
 d - 4 rations


   Skills:
 + Level 1.3 Fighting
 + Level 2.8 Short Blades
 + Level 1.3 Long Blades
 + Level 1.3 Axes
 + Level 1.3 Maces & Flails
 + Level 1.3 Polearms
 + Level 1.3 Staves
 + Level 1.3 Slings
 + Level 1.3 Bows
 + Level 1.3 Crossbows
 + Level 1.3 Throwing
 + Level 1.3 Armour
 + Level 4.7 Dodging
 + Level 6.1 Stealth
 + Level 1.3 Shields
 + Level 1.3 Unarmed Combat
 + Level 5.1 Spellcasting
 + Level 1.0 Conjurations
 + Level 5.5 Hexes
 + Level 1.0 Charms
 + Level 1.0 Summonings
 + Level 1.0 Necromancy
 + Level 1.0 Translocations
 + Level 1.0 Transmutations
 + Level 1.0 Fire Magic
 + Level 1.0 Ice Magic
 + Level 1.0 Air Magic
 + Level 1.0 Earth Magic
 + Level 1.0 Poison Magic
 + Level 1.4 Invocations
 + Level 1.3 Evocations


You had 2 spell levels left.
You knew the following spells:

 Your Spells              Type           Power        Failure   Level  Hunger
a - Corona                Hex            ###....      1%          1    None
b - Ensorcelled Hibernat  Hex/Ice        ###...       5%          2    #......
c - Confuse               Hex            ###.....     4%          3    ###....
d - Tukima's Dance        Hex            ###.....     4%          3    ###....
e - Dazzling Spray        Conj/Hex       ###...       11%         3    ###....


Dungeon Overview and Level Annotations

Branches:
Dungeon (3/15)

Altars:
Nemelex Xobeh
Ru

Annotations:
D:3 Sigmund


Innate Abilities, Weirdness & Mutations

Your experience applies equally to all skills.
You have very sharp teeth.
Your uncanny sense of smell can sniff out nearby items.


Message History

You are very lightly contaminated with residual magic.
Sparks fly from your hands!
Unknown command.
Unknown command.
Casting: Dazzling Spray
Confirm with . or Enter, or press ? or * to list all spells.
Aiming: Dazzling Spray
Press: ? - help, Shift-Dir - straight line The spray of energy hits Sigmund.
Sigmund is lightly wounded.
Sigmund is dazzled.
It was a potion of agility.
You feel agile all of a sudden. Sigmund closely misses you.
You hit Sigmund. You bite Sigmund, but do no damage.
Sigmund is moderately wounded.
You hit Sigmund.
Sigmund is heavily wounded.
Sigmund hits you with a scythe.
You die...

##########################...
................@@.>.........
########################.....
# ... # . # ####### ....... ∆
####### #


You could see Sigmund (blind).

Vanquished Creatures
  An orc priest (D:3)
  2 adders (D:2)
  2 worms (D:3)
  2 dart slugs
  2 leopard geckos
  8 orcs (D:3)
  3 giant cockroaches
  5 goblins
  8 hobgoblins
  2 jackals (D:3)
  2 bats
  3 frilled lizards
  9 kobolds
  6 rats
55 creatures vanquished.

Notes
Turn   | Place    | Note
-------+----------+-------------------------------------------
     0 | D:1      | Ablot the Gnoll Enchanter began the quest for the Orb.
     0 | D:1      | Reached XP level 1. HP: 13/13 MP: 6/6
   185 | D:1      | Found a sparkling altar of Nemelex Xobeh.
   225 | D:1      | Reached XP level 2. HP: 19/19 MP: 7/7
   230 | D:1      | Learned a level 2 spell: Ensorcelled Hibernation
   987 | D:2      | Reached skill level 5 in Spellcasting
   987 | D:2      | Reached XP level 3. HP: 25/25 MP: 7/9
  1088 | D:2      | Reached skill level 6 in Stealth
  1223 | D:2      | Learned a level 3 spell: Confuse
  1227 | D:2      | Learned a level 3 spell: Tukima's Dance
  1231 | D:2      | Learned a level 3 spell: Dazzling Spray
  1343 | D:2      | Reached skill level 1 in Invocations
  1345 | D:2      | Found a sacrificial altar of Ru.
  1663 | D:2      | Reached skill level 1 in Fighting
  1663 | D:2      | Reached skill level 1 in Long Blades
  1663 | D:2      | Reached skill level 1 in Axes
  1663 | D:2      | Reached skill level 1 in Maces & Flails
  1663 | D:2      | Reached skill level 1 in Polearms
  1663 | D:2      | Reached skill level 1 in Staves
  1663 | D:2      | Reached skill level 1 in Slings
  1663 | D:2      | Reached skill level 1 in Bows
  1663 | D:2      | Reached skill level 1 in Crossbows
  1663 | D:2      | Reached skill level 1 in Throwing
  1663 | D:2      | Reached skill level 1 in Armour
  1663 | D:2      | Reached skill level 1 in Shields
  1663 | D:2      | Reached skill level 1 in Unarmed Combat
  1663 | D:2      | Reached skill level 1 in Evocations
  1725 | D:2      | Reached XP level 4. HP: 32/32 MP: 11/11
  2323 | D:3      | Reached skill level 1 in Conjurations
  2323 | D:3      | Reached skill level 1 in Charms
  2323 | D:3      | Reached skill level 1 in Summonings
  2323 | D:3      | Reached skill level 1 in Necromancy
  2323 | D:3      | Reached skill level 1 in Translocations
  2323 | D:3      | Reached skill level 1 in Transmutations
  2323 | D:3      | Reached skill level 1 in Fire Magic
  2323 | D:3      | Reached skill level 1 in Ice Magic
  2323 | D:3      | Reached skill level 1 in Air Magic
  2323 | D:3      | Reached skill level 1 in Earth Magic
  2323 | D:3      | Reached skill level 1 in Poison Magic
  2652 | D:3      | Reached XP level 5. HP: 13/37 MP: 9/12
  2861 | D:3      | Noticed Sigmund
  2887 | D:3      | HP: 1/37 [something (6)]
  2893 | D:3      | Slain by Sigmund

Skill      XL: |  1  2  3  4 |
---------------+-------------+-----
Spellcasting   | 5 |  5.1
Stealth        | 6 |  6.1
Invocations    | 1 |  1.4
Fighting       | 1 |  1.3
Long Blades    | 1 |  1.3
Axes           | 1 |  1.3
Maces & Flails | 1 |  1.3
Polearms       | 1 |  1.3
Staves         | 1 |  1.3
Slings         | 1 |  1.3
Bows           | 1 |  1.3
Crossbows      | 1 |  1.3
Throwing       | 1 |  1.3
Armour         | 1 |  1.3
Shields        | 1 |  1.3
Unarmed Combat | 1 |  1.3
Evocations     | 1 |  1.3
Conjurations   | 1 |  1.0
Charms         | 1 |  1.0
Summonings     | 1 |  1.0
Necromancy     | 1 |  1.0
Translocations | 1 |  1.0
Transmutations | 1 |  1.0
Fire Magic     | 1 |  1.0
Ice Magic      | 1 |  1.0
Air Magic      | 1 |  1.0
Earth Magic    | 1 |  1.0
Poison Magic   | 1 |  1.0
Short Blades   | |  2.8
Dodging        | |  4.7
Hexes          | |  5.5

Action                   |  1- 3 |  4- 6 || total
-------------------------+-------+-------++-------
Melee: Dagger            |    77 |    86 ||   163
       Bite              |     8 |    12 ||    20
Throw: Tomahawk          |     2 |     2 ||     4
 Cast: Corona            |     8 |    10 ||    18
       Ensorcelled Hiber |     1 |       ||     1
       Dazzling Spray    |       |     1 ||     1
  Use: Potion            |       |     1 ||     1
 Stab: Sleeping          |    15 |     2 ||    17
  Eat: Chunk             |     2 |     4 ||     6
Armor: Robe              |     5 |     3 ||     8
Dodge: Dodged            |    33 |    42 ||    75
